[Event "Ostravsky Konik-A 2019"]
[Site "Ostrava"]
[Date "2019.05.01"]
[Round "5.7"]
[White "Matras, Ondrej"]
[Black "Krejci, Jan"]
[Result "0-1"]
[ECO "D37"]
[WhiteElo "2221"]
[BlackElo "2588"]
[Annotator "ChessBase"]
[PlyCount "106"]
[EventDate "2019.04.27"]
[EventType "swiss"]
[EventCountry "CZE"]
[SourceTitle "playchess.com"]
[Source "ChessBase"]
[SourceQuality "1"]
[TimeControl "40/5400+30:1800+30"]

1. d4 d5 2. c4 e6 3. Nc3 Nf6 4. Nf3 Be7 5. Bf4 c6 6. e3 O-O 7. Qc2 Nbd7 8. cxd5 exd5 9. Bd3 Re8 10. h4 Nf8 11. Ne5 Bd6 12. O-O-O c5 13. Bg5 Be6 14. f4 h6 15. Bxf6 gxf6 16. Nf3 c4 17. Bf5 Qd7 18. g4 Bb4 19. h5 Bxc3 20. bxc3 Qd6 21. Nh4 b5 22. Rdg1 Qa3+ 23. Qb2 Qa4 24. Bc2 Qa5 25. a3 Qc7 26. g5 fxg5 27. fxg5 hxg5 28. Rxg5+ Kh8 29. Bb1 Nd7 30. Qc2 Nf6 31. Qf2 Qe7 32. Rg6 Qxa3+ 33. Kd1 Bg4+ 34. Rxg4 Nxg4 35. Qxf7 Nxe3+ 36. Ke2 Nf5+ 37. Kd2 Qb2+ 38. Bc2 Re2+ 39. Kxe2 Qxc2+ 40. Kf3 Qe4+ 41. Kf2 Qe3+ 42. Kf1 Qd3+ 43. Kf2 Qd2+ 44. Kf3 Nxh4+ 45. Rxh4 Qxc3+ 46. Kf2 Qd2+ 47. Kf1 Qg5 48. Rf4 Rg8 49. Qf6+ Qxf6 50. Rxf6 Rg4 51. Ra6 Rxd4 52. Rxa7 b4 53. Ke2 c3 0-1

[Event "Ostravsky Konik-A 2019"]
[Site "Ostrava"]
[Date "2019.05.01"]
[Round "5.8"]
[White "Muzik, Martin"]
[Black "Skola, Miroslav"]
[Result "1/2-1/2"]
[ECO "C00"]
[WhiteElo "2160"]
[BlackElo "2070"]
[Annotator "NA"]
[PlyCount "88"]
[EventDate "2019.04.27"]
[EventType "swiss"]
[EventCountry "CZE"]
[SourceTitle "playchess.com"]
[Source "ChessBase"]
[SourceQuality "1"]
[TimeControl "40/5400+30:1800+30"]

1. e4 e6 2. Qe2 c5 3. Nf3 Nc6 4. g3 b6 5. Bg2 Bb7 6. O-O Nf6 7. d3 h6 8. c4 Be7 9. b3 O-O 10. Bb2 d5 11. e5 Nh7 12. Nbd2 Qd7 13. Rad1 Rad8 14. Rfe1 Rfe8 15. Nf1 Qc7 16. h4 Rd7 17. N3h2 dxc4 18. dxc4 Red8 19. Rxd7 Qxd7 20. Be4 Nd4 21. Qh5 Bxe4 22. Rxe4 Nf5 23. Re1 Qd3 24. Qe2 Nf8 25. Kg2 Qxe2 26. Rxe2 Nd7 27. Kf3 Nb8 28. Rd2 Nc6 29. Ke4 h5 30. Nf3 g6 31. Bc3 Kf8 32. Ne3 Nxe3 33. Kxe3 Ke8 34. Rb2 Rd7 35. Nd2 Nd4 36. Ne4 Nf5+ 37. Kf4 Rd1 38. b4 cxb4 39. Bxb4 Bxb4 40. Rxb4 Rd4 41. a3 Ne7 42. Ke3 Nf5+ 43. Kf4 Ne7 44. Ke3 Nc6 1/2-1/2

[Event "Ostravsky Konik-A 2019"]
[Site "Ostrava"]
[Date "2019.05.02"]
[Round "6.1"]
[White "Gnojek, Petr"]
[Black "Mica, Marek"]
[Result "1/2-1/2"]
[ECO "A33"]
[WhiteElo "2016"]
[BlackElo "2139"]
[Annotator "NA"]
[PlyCount "54"]
[EventDate "2019.04.27"]
[EventType "swiss"]
[EventCountry "CZE"]
[SourceTitle "playchess.com"]
[Source "ChessBase"]
[SourceQuality "1"]
[TimeControl "40/5400+30:1800+30"]

1. Nf3 e6 2. c4 c5 3. Nc3 Nf6 4. d4 cxd4 5. Nxd4 Nc6 6. e4 Bb4 7. Nxc6 bxc6 8. e5 Ne4 9. Qd4 Qa5 10. Bd2 Nxd2 11. Kxd2 Rb8 12. Kc2 f6 13. exf6 Bxc3 14. f7+ Kxf7 15. Qxc3 Qxc3+ 16. Kxc3 d5 17. Bd3 e5 18. Rhe1 Kf6 19. Re2 e4 20. Bc2 Rd8 21. Rd1 Be6 22. f3 exf3 23. Rf2 d4+ 24. Rxd4 Rxd4 25. Kxd4 Rxb2 26. Rxf3+ Ke7 27. Bxh7 Rxg2 1/2-1/2

[Event "Ostravsky Konik-A 2019"]
[Site "Ostrava"]
[Date "2019.05.02"]
[Round "6.2"]
[White "Sernecki, Franciszek"]
[Black "Mrva, Marek"]
[Result "1-0"]
[ECO "B33"]
[WhiteElo "2259"]
[BlackElo "2125"]
[Annotator "NA"]
[PlyCount "77"]
[EventDate "2019.04.27"]
[EventType "swiss"]
[EventCountry "CZE"]
[SourceTitle "playchess.com"]
[Source "ChessBase"]
[SourceQuality "1"]
[TimeControl "40/5400+30:1800+30"]

1. e4 c5 2. Nf3 Nc6 3. d4 cxd4 4. Nxd4 Nf6 5. Nc3 e5 6. Ndb5 d6 7. Bg5 a6 8. Na3 b5 9. Bxf6 gxf6 10. Nd5 Bg7 11. g3 f5 12. Bg2 O-O 13. exf5 Bxf5 14. Ne3 Bd7 15. Qxd6 Qe8 16. Nd5 Ra7 17. c3 e4 18. Nf6+ Bxf6 19. Qxf6 Ne5 20. O-O Bc6 21. Nc2 Qe6 22. Qg5+ Ng6 23. Nd4 Qd5 24. Qf6 Bd7 25. Rfe1 Re8 26. Re3 Bc8 27. f3 Rae7 28. Rxe4 Qc5 29. Rae1 Rxe4 30. Rxe4 Rxe4 31. fxe4 b4 32. Qc6 Qf8 33. cxb4 Ne5 34. Qf6 Ng4 35. Qg5+ Kh8 36. Nf5 Bxf5 37. Qxf5 Ne3 38. Qf6+ Kg8 39. Qg5+ 1-0

[Event "Ostravsky Konik-A 2019"]
[Site "Ostrava"]
[Date "2019.05.02"]
[Round "6.3"]
[White "Malicka, Maria"]
[Black "Nehyba, Martin"]
[Result "1-0"]
[ECO "B66"]
[WhiteElo "2118"]
[BlackElo "2113"]
[Annotator "NA"]
[PlyCount "89"]
[EventDate "2019.04.27"]
[EventType "swiss"]
[EventCountry "CZE"]
[SourceTitle "playchess.com"]
[Source "ChessBase"]
[SourceQuality "1"]
[TimeControl "40/5400+30:1800+30"]

1. e4 c5 2. Nf3 d6 3. d4 cxd4 4. Nxd4 Nf6 5. Nc3 Nc6 6. Bg5 e6 7. Qd2 a6 8. Nxc6 bxc6 9. O-O-O Be7 10. Bxf6 gxf6 11. Bc4 Rb8 12. Rhe1 e5 13. Kb1 Be6 14. Bb3 Qb6 15. f4 Rg8 16. f5 Bxb3 17. axb3 Bf8 18. Qe2 Ke7 19. Rd3 Rd8 20. Rh3 h6 21. Rd1 Qb7 22. Rhd3 Bg7 23. Qf3 Rge8 24. g4 Rd7 25. h4 Red8 26. g5 hxg5 27. hxg5 Rh8 28. g6 Bh6 29. gxf7 Qb8 30. Rh1 Bg5 31. Rdd1 Kxf7 32. Rxh8 Qxh8 33. Rh1 Qg8 34. Qe2 Qc8 35. Qc4+ Kg7 36. Qe6 Qd8 37. Ne2 Re7 38. Qc4 d5 39. Qxc6 dxe4 40. Qxe4 Qd7 41. Qf3 Kg8 42. Nc3 e4 43. Nxe4 Qe8 44. Qh3 Qf8 45. Qh8+ 1-0

[Event "Ostravsky Konik-A 2019"]
[Site "Ostrava"]
[Date "2019.05.02"]
[Round "6.4"]
[White "Vesely, Libor"]
[Black "Potomak, Vladimir"]
[Result "1/2-1/2"]
[ECO "B40"]
[WhiteElo "2214"]
[BlackElo "2102"]
[Annotator "NA"]
[PlyCount "102"]
[EventDate "2019.04.27"]
[EventType "swiss"]
[EventCountry "CZE"]
[SourceTitle "playchess.com"]
[Source "ChessBase"]
[SourceQuality "1"]
[TimeControl "40/5400+30:1800+30"]

1. e4 c5 2. Nf3 e6 3. Nc3 a6 4. a4 Nc6 5. d4 cxd4 6. Nxd4 Qc7 7. g3 Nf6 8. Bg2 b6 9. O-O Bb7 10. Bf4 Ne5 11. Re1 d6 12. Qe2 Be7 13. Nf3 O-O 14. Red1 Rac8 15. Nxe5 dxe5 16. Be3 Rfd8 17. f3 Bc5 18. Qf2 Nd7 19. Rd2 Bxe3 20. Qxe3 Nb8 21. Rad1 Nc6 22. Na2 Rxd2 23. Rxd2 Rd8 24. c3 Na5 25. Bf1 Nb3 26. Rxd8+ Qxd8 27. Qd3 Qc7 28. Qd1 Nc5 29. Nb4 a5 30. Na2 Bc6 31. b3 Kf8 32. Nc1 Ke7 33. Nd3 Qd6 34. Qc2 f6 35. Nxc5 Qxc5+ 36. Kg2 Qe3 37. Qd3 Qxd3 38. Bxd3 Kd6 39. Kf2 Kc5 40. Ke3 Kd6 41. Bc4 Bd7 42. Kd3 Kc5 43. Ba6 g5 44. g4 f5 45. Ke3 fxg4 46. fxg4 Kd6 47. Bd3 Kc5 48. Kd2 Bc6 49. Bb1 Kd6 50. Bc2 Kc5 51. Kc1 Bd7 1/2-1/2

[Event "Ostravsky Konik-A 2019"]
[Site "Ostrava"]
[Date "2019.05.02"]
[Round "6.5"]
[White "Chlevistan, Jakub"]
[Black "Ruzicka, Petr"]
[Result "0-1"]
[ECO "E67"]
[WhiteElo "2047"]
[BlackElo "2202"]
[Annotator "NA"]
[PlyCount "106"]
[EventDate "2019.04.27"]
[EventType "swiss"]
[EventCountry "CZE"]
[SourceTitle "playchess.com"]
[Source "ChessBase"]
[SourceQuality "1"]
[TimeControl "40/5400+30:1800+30"]

1. Nf3 Nf6 2. c4 g6 3. d4 Bg7 4. Nc3 O-O 5. g3 d6 6. Bg2 Nbd7 7. O-O Re8 8. e4 e5 9. h3 exd4 10. Nxd4 Nc5 11. Re1 a5 12. b3 c6 13. Bf4 Nh5 14. Be3 Nf6 15. Qc2 Nfd7 16. Rad1 Qb6 17. Nde2 Qb4 18. Bd2 Qb6 19. Bf4 a4 20. Rb1 axb3 21. axb3 Ne5 22. Be3 Qb4 23. Red1 f5 24. Bd2 Qb6 25. b4 Nxe4 26. Nxe4 fxe4 27. Bxe4 Bxh3 28. c5 dxc5 29. bxc5 Qc7 30. Nf4 Bg4 31. f3 Bc8 32. Bc3 Ra3 33. Bb2 Ra5 34. Kg2 Qf7 35. Rh1 Nc4 36. Bc1 Rxc5 37. Qf2 Ra5 38. Rxh7 Rxe4 39. Rxg7+ Qxg7 40. fxe4 b5 41. Bb2 Nxb2 42. Rxb2 Bg4 43. Rd2 Qe7 44. Qd4 Ra4 45. Qh8+ Kxh8 46. Nxg6+ Kg7 47. Nxe7 Rc4 48. Rd6 Rc2+ 49. Kf1 b4 50. Nxc6 b3 51. Ne5 b2 52. Rb6 Bh3+ 53. Kg1 Bc8 0-1

[Event "Ostravsky Konik-A 2019"]
[Site "Ostrava"]
[Date "2019.05.02"]
[Round "6.6"]
[White "Orzechowski, Jacek"]
[Black "Krejci, Jan"]
[Result "1/2-1/2"]
[ECO "A14"]
[WhiteElo "2139"]
[BlackElo "2588"]
[Annotator "RC"]
[PlyCount "70"]
[EventDate "2019.04.27"]
[EventType "swiss"]
[EventCountry "CZE"]
[SourceTitle "playchess.com"]
[Source "ChessBase"]
[SourceQuality "1"]
[TimeControl "40/5400+30:1800+30"]

1. c4 e6 2. g3 Nf6 3. Bg2 d5 4. Nf3 Be7 5. O-O O-O 6. d4 b6 7. Ne5 Bb7 8. Nc3 Nbd7 9. cxd5 Nxd5 10. Nxd5 Bxd5 11. Nc6 Qe8 12. Nxe7+ Qxe7 13. e4 Bb7 14. Be3 e5 15. d5 c5 16. dxc6 Bxc6 17. Qb3 Nf6 18. f3 h6 19. Rac1 Rac8 20. Rc3 Bd7 21. Rfc1 Rxc3 22. Qxc3 Rc8 23. Qd2 Rxc1+ 24. Qxc1 Be6 25. a3 Ne8 26. Bf1 Nd6 27. Be2 Qd7 28. Qc3 f6 29. Qd2 Qc7 30. Kf2 Kf7 31. h4 h5 32. Qc1 Qd7 33. Qd2 Ke7 34. Qb4 Qc6 35. Qd2 Bc4 1/2-1/2

[Event "Ostravsky Konik-A 2019"]
[Site "Ostrava"]
[Date "2019.05.02"]
[Round "6.7"]
[White "Meers, Hubert"]
[Black "Krajina, Ales"]
[Result "0-1"]
[ECO "B02"]
[WhiteElo "2031"]
[BlackElo "2119"]
[Annotator "NA"]
[PlyCount "90"]
[EventDate "2019.04.27"]
[EventType "swiss"]
[EventCountry "CZE"]
[SourceTitle "playchess.com"]
[Source "ChessBase"]
[SourceQuality "1"]
[TimeControl "40/5400+30:1800+30"]

1. e4 Nf6 2. e5 Ng8 3. d4 d5 4. c4 c5 5. Nc3 e6 6. cxd5 exd5 7. dxc5 d4 8. Ne4 Qd5 9. Qe2 Nc6 10. g3 Bxc5 11. Bf4 Bb4+ 12. Kd1 Be6 13. Bg2 d3 14. Qe3 Qc4 15. Rc1 Qxa2 16. Qxd3 Qxb2 17. Nd6+ Kf8 18. Bd5 Nxe5 19. Bxe5 Qxe5 20. Bxe6 Qxe6 21. Nxb7 Qe1+ 22. Kc2 Rc8+ 23. Nc5 Rxc5+ 24. Kb3 Rxc1 25. Ne2 Rc3+ 26. Nxc3 Qxc3+ 27. Qxc3 Bxc3 28. Kxc3 Nf6 29. Ra1 g6 30. f3 Kg7 31. Rxa7 Re8 32. Kd2 Rb8 33. Ra2 Rb3 34. Ke2 Nd7 35. f4 h5 36. Kf2 Nc5 37. Kg2 Nd3 38. Ra6 Rb2+ 39. Kg1 Nf2 40. Ra4 f5 41. Ra7+ Kh6 42. Ra3 Ng4 43. h3 Nf2 44. h4 Ne4 45. Re3 Rc2 0-1

[Event "Ostravsky Konik-A 2019"]
[Site "Ostrava"]
[Date "2019.05.02"]
[Round "6.8"]
[White "Stalmach, Richard"]
[Black "Shilov, Sergej"]
[Result "1-0"]
[ECO "A50"]
[WhiteElo "1991"]
[BlackElo "2158"]
[Annotator "NA"]
[PlyCount "89"]
[EventDate "2019.04.27"]
[EventType "swiss"]
[EventCountry "CZE"]
[SourceTitle "playchess.com"]
[Source "ChessBase"]
[SourceQuality "1"]
[TimeControl "40/5400+30:1800+30"]

1. d4 Nf6 2. c4 g6 3. f3 c5 4. d5 d6 5. e4 Bg7 6. Ne2 O-O 7. Nec3 e6 8. Bg5 Qa5 9. Qd2 exd5 10. cxd5 a6 11. Be2 b5 12. O-O Nbd7 13. a4 b4 14. Nd1 Qc7 15. a5 Ne5 16. Qc2 Bd7 17. f4 b3 18. Qc1 Neg4 19. h3 Nxe4 20. Bxg4 Bb5 21. Re1 f5 22. Bf3 Rae8 23. Ndc3 Bd3 24. Bxe4 fxe4 25. Nd2 e3 26. Nf3 h6 27. Bh4 Rxf4 28. Rxe3 Rxe3 29. Qxe3 g5 30. Bg3 Rd4 31. Kh1 Bg6 32. Nxd4 cxd4 33. Qe6+ Bf7 34. Nb5 axb5 35. Qxd6 Qc2 36. a6 Qxb2 37. Rg1 Qa2 38. Qb8+ Kh7 39. Qxb5 b2 40. d6 Bd5 41. Qd3+ Kg8 42. d7 Qa5 43. Qg6 Bf7 44. Qd6 Qd8 45. a7 1-0

[Event "Ostravsky Konik-A 2019"]
[Site "Ostrava"]
[Date "2019.05.03"]
[Round "7.1"]
[White "Ruzicka, Petr"]
[Black "Sernecki, Franciszek"]
[Result "1/2-1/2"]
[ECO "A13"]
[WhiteElo "2202"]
[BlackElo "2259"]
[Annotator "NA"]
[PlyCount "117"]
[EventDate "2019.04.27"]
[EventType "swiss"]
[EventCountry "CZE"]
[SourceTitle "playchess.com"]
[Source "ChessBase"]
[SourceQuality "1"]
[TimeControl "40/5400+30:1800+30"]

1. c4 e6 2. Nc3 d5 3. e3 Nf6 4. Nf3 c5 5. d4 Nc6 6. cxd5 exd5 7. Bb5 Bd6 8. O-O O-O 9. Re1 {[%emt 0:07:15] D32: Tarrasch Defence: Sidelines and lines without g3} (9. h3 cxd4 10. exd4 h6 11. Re1 Be6 12. Ne5 Rc8 13. Bf4 Re8 14. Bg3 Qb6 15. Nxc6 bxc6 16. Bxd6 cxb5 17. Be5 Nd7 18. Qd3 b4 {½-½ (33) Bacrot,E (2710)-Fang,Y (2500) Jiangmen 2018}) 9... Bg4 10. Be2 $146 ({Predecessor:} 10. Bxc6 bxc6 11. h3 Bh5 12. dxc5 Bxc5 13. a3 a5 14. g4 Bg6 15. Ne5 Qc7 16. f4 Bd6 {0-1 (30) Greciano Reiskila,M (1970)-Rubio Campos,J (1813) Collado Villalba 2009}) 10... c4 11. h3 Bh5 12. Bd2 a6 13. Nh4 Bxe2 14. Qxe2 b5 15. a3 Re8 16. Nf5 g6 17. Nxd6 Qxd6 18. Qf3 Ne4 19. Nxe4 Rxe4 20. g3 Rae8 21. Qg2 R4e6 22. f3 Qd7 23. Qf2 R8e7 24. Rad1 f5 25. g4 Rf7 26. Qg3 Ref6 27. Rf1 Re6 28. Bc1 Re8 29. Qh4 Qe7 30. Qxe7 Rexe7 31. Kg2 Re8 32. Rfe1 b4 33. gxf5 gxf5 34. Kf2 Rf6 35. Rg1+ Rg6 36. h4 Kf7 37. h5 Rxg1 38. Rxg1 bxa3 39. bxa3 Ne7 40. Bd2 Rb8 41. Bb4 Nc6 42. Bc5 $2 (42. e4 $11) 42... Rb2+ 43. Kg3 c3 (43... Ke6 $17 44. Kf4 Rh2) 44. Rc1 c2 45. Bb4 $1 Kf6 46. Bc3 Ra2 47. Kf4 Na7 48. e4 Nb5 49. Bb4 fxe4 50. fxe4 Ke6 51. Ke3 Nxa3 52. Kd3 dxe4+ 53. Kxe4 Nb5 54. Kd3 Kd5 55. Bc5 Rb2 56. Re1 Rb3+ $11 (56... a5 $19 57. Re5+ Kc6) 57. Kxc2 Rh3 58. Ra1 Rh2+ 59. Kd3 {[%emt 0:00:00] Ke5 Ke4+} 1/2-1/2

[Event "Ostravsky Konik-A 2019"]
[Site "Ostrava"]
[Date "2019.05.03"]
[Round "7.2"]
[White "Mica, Marek"]
[Black "Malicka, Maria"]
[Result "1/2-1/2"]
[ECO "D37"]
[WhiteElo "2139"]
[BlackElo "2118"]
[Annotator "NA"]
[PlyCount "165"]
[EventDate "2019.04.27"]
[EventType "swiss"]
[EventCountry "CZE"]
[SourceTitle "playchess.com"]
[Source "ChessBase"]
[SourceQuality "1"]
[TimeControl "40/5400+30:1800+30"]

1. d4 Nf6 2. c4 e6 3. Nf3 d5 4. Nc3 a6 5. cxd5 exd5 6. Bg5 Be6 7. e3 Nbd7 8. Be2 Bd6 9. O-O c6 10. Qc2 O-O 11. Rab1 Qc7 12. Bh4 Bg4 13. Bg3 Bh5 14. Rfc1 Bg6 15. Bd3 Bxg3 16. hxg3 Qd6 17. b4 Rfe8 18. Bxg6 hxg6 19. Na4 Ne4 20. Nc5 Qc7 21. Nxe4 Rxe4 22. a4 Ree8 23. b5 axb5 24. axb5 Rec8 25. bxc6 bxc6 26. Qd2 Rcb8 27. Rxb8+ Rxb8 28. Ne1 Nb6 29. Qa5 Ra8 30. Qc5 Nc4 31. Nd3 Ra5 32. Qb4 Rb5 33. Qc3 Qb6 34. Nc5 Rb1 35. Qc2 Rxc1+ 36. Qxc1 Qb2 37. Qxb2 Nxb2 38. Nd7 Nc4 39. Kf1 f6 40. Ke2 Kf7 41. Nb8 Na5 42. Kd3 Ke6 43. Na6 Nc4 44. Nc5+ Kd6 45. Ne4+ Ke6 46. Nc3 Kd6 47. Ne2 g5 48. g4 c5 49. Ng3 cxd4 50. Kxd4 g6 51. e4 Nb6 52. exd5 Nxd5 53. Ne4+ Ke6 54. Nc5+ Kd6 55. Nb7+ Ke6 56. Nd8+ Kd6 57. Nf7+ Ke6 58. Nd8+ Kd6 59. Nb7+ Ke6 60. Nc5+ Kd6 61. Ne4+ Ke6 62. g3 Ne7 63. Nc5+ Kd6 64. Ne4+ Ke6 65. f3 Nc6+ 66. Ke3 Ne5 67. Nc5+ Kd5 68. Ne4 Ke6 69. Kf2 Nd3+ 70. Ke2 Ne5 71. Nc5+ Kd5 72. Ne4 Ke6 73. Kf2 Nd3+ 74. Kf1 Ne5 75. Ke2 Nf7 76. f4 gxf4 77. gxf4 f5 78. gxf5+ Kxf5 79. Kf3 Ne5+ 80. fxe5 Kxe5 81. Kg4 Kxe4 82. Kg5 Ke5 83. Kxg6 1/2-1/2

[Event "Ostravsky Konik-A 2019"]
[Site "Ostrava"]
[Date "2019.05.03"]
[Round "7.3"]
[White "Krajina, Ales"]
[Black "Stalmach, Richard"]
[Result "1/2-1/2"]
[ECO "B20"]
[WhiteElo "2119"]
[BlackElo "1991"]
[Annotator "NA"]
[PlyCount "88"]
[EventDate "2019.04.27"]
[EventType "swiss"]
[EventCountry "CZE"]
[SourceTitle "playchess.com"]
[Source "ChessBase"]
[SourceQuality "1"]
[TimeControl "40/5400+30:1800+30"]

1. e4 c5 2. a3 g6 3. b4 Bg7 4. Nc3 cxb4 5. axb4 d6 6. b5 f5 7. d4 Nf6 8. exf5 Bxf5 9. Nf3 O-O 10. Bc4+ Kh8 11. Bb2 d5 12. Bb3 e6 13. h3 Ne4 14. O-O Ng5 15. Nxg5 Qxg5 16. Bc1 Qh4 17. Ne2 Nd7 18. Bf4 g5 19. Bg3 Qh6 20. Bd6 Rg8 21. Ng3 Nf6 22. Qd2 Qg6 23. Qe3 Ne4 24. Nxe4 Bxe4 25. c3 Rgd8 26. Qg3 Bd3 27. Rfe1 Bxb5 28. Be5 Re8 29. Bxg7+ Qxg7 30. Re5 h6 31. Bc2 Qf6 32. Qg4 Bd7 33. Qe2 Rg8 34. g3 a5 35. Ba4 Bxa4 36. Rxa4 Ra6 37. Qb5 Rf8 38. Re2 Qf3 39. Raa2 Rc6 40. Re3 Qf7 41. Rae2 Ra8 42. c4 dxc4 43. d5 exd5 44. Re7 Qg6 1/2-1/2

[Event "Ostravsky Konik-A 2019"]
[Site "Ostrava"]
[Date "2019.05.03"]
[Round "7.4"]
[White "Orzechowski, Jacek"]
[Black "Gnojek, Petr"]
[Result "1/2-1/2"]
[ECO "A41"]
[WhiteElo "2139"]
[BlackElo "2016"]
[Annotator "NA"]
[PlyCount "220"]
[EventDate "2019.04.27"]
[EventType "swiss"]
[EventCountry "CZE"]
[SourceTitle "playchess.com"]
[Source "ChessBase"]
[SourceQuality "1"]
[TimeControl "40/5400+30:1800+30"]

1. d4 d6 2. g3 g6 3. Bg2 Bg7 4. c3 c6 5. e4 Nf6 6. Nd2 O-O 7. Ngf3 Nbd7 8. O-O b5 $146 {[%emt 0:01:06] A49: 1 d4 Nf6 2 Nf3 g6 3 g3: Anti-King's Indian systems} ({Predecessor:} 8... e5 9. Re1 Qc7 10. b3 Re8 11. Ba3 b5 12. Rc1 a5 13. Bb2 c5 14. Bf1 Ba6 15. dxe5 dxe5 16. c4 b4 17. Bd3 Rad8 {½-½ (32) Shyam,N (2446)-Konguvel,P (2302) Chennai 2019}) 9. a4 Bb7 10. e5 dxe5 11. dxe5 Nd5 12. e6 Nc5 13. exf7+ Rxf7 14. axb5 cxb5 15. Ng5 Rf5 16. Nde4 Qb6 17. Nxc5 Qxc5 18. Ne6 Qb6 19. Nxg7 Kxg7 20. Qd4+ Qxd4 21. cxd4 a6 22. Bd2 Rf6 23. Rfe1 Re8 24. Bg5 Rd6 25. Bxe7 Rxe7 26. Rxe7+ Nxe7 27. Bxb7 Rxd4 28. Bxa6 Rb4 29. Ra5 Rxb2 30. Bxb5 Nf5 31. Ra7+ Kf6 32. Bc4 Nd6 33. Bd5 Rd2 34. Bf3 Nf7 35. Ra6+ Kf5 36. Kg2 Ne5 37. Ra5 Kf6 38. Ra6+ Kg7 39. Ra7+ Kh6 40. Be4 Re2 41. Ra4 Rb2 42. h3 Nd7 43. Rc4 Rd2 44. Rc7 Nf6 45. Bf3 g5 46. Re7 Kg6 47. Be4+ Nxe4 48. Rxe4 Ra2 49. Re6+ Kg7 50. Kf3 Ra4 51. Re4 Ra2 52. h4 h6 53. h5 Kf6 54. Rc4 Ra6 55. Kg4 Rb6 56. Rc7 Rb4+ 57. Kh3 Rb6 58. Rh7 Kf5 59. Rf7+ Ke6 60. Rg7 Kf5 61. f3 Ra6 62. Rg8 Rb6 63. Rf8+ Ke6 64. Kg4 Rb4+ 65. Kh3 Rb6 $1 66. Kg4 Rb4+ 67. f4 gxf4 68. gxf4 Rb1 69. Rh8 Rg1+ 70. Kf3 Rf1+ 71. Kg3 Kf5 72. Rf8+ Ke6 73. Re8+ Kf7 74. Ra8 Rg1+ 75. Kf3 Rb1 76. Ra6 Rb3+ 77. Kg4 Kg7 78. Rg6+ Kh7 79. Re6 Rb5 80. Re5 Rb6 81. Re7+ Kg8 {[%emt 0:00:04] [#]} 82. Kf5 $1 Rb4 83. Re4 Rb7 84. Kf6 Rf7+ 85. Kg6 (85. Ke6 $16) 85... Rg7+ 86. Kxh6 Rg4 $1 87. Ra4 Kf7 88. Ra7+ Kf6 $14 89. Ra8 Kf7 90. f5 Rg1 91. Ra6 Rf1 92. Ra7+ Kf6 93. Ra5 Rh1 94. Rb5 Rh2 95. Rc5 Rh1 96. Ra5 Rh2 97. Rc5 Rh1 98. Rc8 Kxf5 99. Rc5+ Kf6 100. Kh7 Rg1 101. h6 Kf7 102. Rf5+ Ke7 103. Kh8 Rg6 104. Kh7 Rg1 105. Ra5 Kf7 106. Ra7+ Kf6 107. Kh8 Rg6 108. Ra6+ Kg5 109. Rxg6+ Kxg6 110. Kg8 Kxh6 1/2-1/2

[Event "Ostravsky Konik-A 2019"]
[Site "Ostrava"]
[Date "2019.05.03"]
[Round "7.6"]
[White "Mrva, Marek"]
[Black "Skola, Miroslav"]
[Result "1-0"]
[ECO "C13"]
[WhiteElo "2125"]
[BlackElo "2070"]
[Annotator "NA"]
[PlyCount "49"]
[EventDate "2019.04.27"]
[EventType "swiss"]
[EventCountry "CZE"]
[SourceTitle "playchess.com"]
[Source "ChessBase"]
[SourceQuality "1"]
[TimeControl "40/5400+30:1800+30"]

1. e4 e6 2. d4 d5 3. Nc3 Nf6 4. Bg5 Be7 5. e5 Nfd7 6. h4 h6 7. Bxe7 Qxe7 8. f4 a6 9. Qd2 c5 10. dxc5 Nxc5 11. Nf3 Nc6 12. O-O-O b5 13. Bd3 Bb7 14. Kb1 O-O-O 15. Rhe1 b4 16. Ne2 Ne4 17. Qe3 f5 18. exf6 gxf6 19. Ned4 Na5 20. Nd2 f5 21. g4 fxg4 22. Nxe4 dxe4 23. Bxe4 Qd6 24. a3 Kb8 25. Nc6+ {[%emt 0:01:18] Rde8} 1-0

[Event "Ostravsky Konik-A 2019"]
[Site "Ostrava"]
[Date "2019.05.03"]
[Round "7.7"]
[White "Nehyba, Martin"]
[Black "Kucera, Tomas"]
[Result "1/2-1/2"]
[ECO "B22"]
[WhiteElo "2113"]
[BlackElo "1961"]
[Annotator "NA"]
[PlyCount "98"]
[EventDate "2019.04.27"]
[EventType "swiss"]
[EventCountry "CZE"]
[SourceTitle "playchess.com"]
[Source "ChessBase"]
[SourceQuality "1"]
[TimeControl "40/5400+30:1800+30"]

1. e4 c5 2. c3 d5 3. exd5 Qxd5 4. d4 Nf6 5. Nf3 Bg4 6. dxc5 Qxc5 7. h3 Bh5 8. Be3 Qc7 9. Na3 a6 10. Qa4+ Nbd7 11. Rd1 Bxf3 12. gxf3 O-O-O 13. Bxa6 bxa6 14. Rd4 Nc5 15. Rxd8+ Kxd8 16. Bxc5 Qxc5 17. O-O e6 18. Rd1+ Bd6 19. Nc4 Ne8 20. Nxd6 Nxd6 21. b4 Qg5+ 22. Kh1 Ke7 23. Qxa6 Qf4 24. Kg2 Nf5 25. Qb7+ Kf6 26. Qe4 g5 27. c4 Nh4+ 28. Kf1 Nxf3 29. Qxf4+ gxf4 30. c5 Ra8 31. c6 Rxa2 32. Rc1 Ra8 33. b5 Nd2+ 34. Ke2 Nb3 35. b6 Nd4+ 36. Kd3 Nxc6 37. Rxc6 Rb8 38. Ke4 Ke7 39. Rc7+ Kd6 40. Rxf7 Rxb6 41. Kxf4 h5 42. Kg5 Rb5+ 43. Kh4 Ra5 44. f3 Rb5 45. Rg7 Rf5 46. Kg3 e5 47. h4 Ke6 48. Rg6+ Kf7 49. Rg5 Kf6 {[%emt 0:00:33] Kf4 e4+ Kxe4 Ke5+} 1/2-1/2

[Event "Ostravsky Konik-A 2019"]
[Site "Ostrava"]
[Date "2019.05.03"]
[Round "7.8"]
[White "Potomak, Vladimir"]
[Black "Nytra, Ondrej"]
[Result "0-1"]
[ECO "A22"]
[WhiteElo "2102"]
[BlackElo "1896"]
[Annotator "NA"]
[PlyCount "108"]
[EventDate "2019.04.27"]
[EventType "swiss"]
[EventCountry "CZE"]
[SourceTitle "playchess.com"]
[Source "ChessBase"]
[SourceQuality "1"]
[TimeControl "40/5400+30:1800+30"]

1. c4 e5 2. Nc3 Nf6 3. g3 d5 4. cxd5 Nxd5 5. Bg2 Nb6 6. Nf3 Nc6 7. O-O Be7 8. a3 O-O 9. b4 Be6 10. Rb1 f6 11. Ne4 Rb8 12. Nc5 Bf7 13. d3 Qe8 14. Bb2 a5 15. bxa5 Bxc5 16. axb6 Bxb6 17. Nd2 Ba2 18. Rc1 Qf7 19. Nc4 Rfd8 20. Nxb6 cxb6 21. Qa4 Rd6 22. Rfe1 Be6 23. Bc3 Bd5 24. Rb1 Bxg2 25. Kxg2 f5 26. Rxb6 Kh8 27. Qb3 Qh5 28. Rxb7 Rf8 29. f3 Rh6 30. Rh1 Qh3+ 31. Kf2 f4 32. g4 Qh4+ 33. Kg1 Rg6 34. h3 h5 35. Qd1 Rc8 36. Be1 Qg5 37. Bf2 Nd4 38. Kg2 Rgc6 39. Rb2 Ra6 40. a4 Rd8 41. Rb4 Qe7 42. Rc4 Qb7 43. Qd2 Qf7 44. Rb4 Rc6 45. Rd1 Kh7 46. Rb2 Rdc8 47. Qb4 Qf6 48. Rdd2 Rc1 49. Qb7 R8c6 50. a5 hxg4 51. Qd7 Re6 52. Bxd4 gxh3+ 53. Kh2 Qg6 54. e4 Qg3# {[%emt 0:00:07] Qe7} 0-1

[Event "Ostravsky Konik-A 2019"]
[Site "Ostrava"]
[Date "2019.05.04"]
[Round "8.2"]
[White "Vesely, Libor"]
[Black "Mica, Marek"]
[Result "1/2-1/2"]
[ECO "C03"]
[WhiteElo "2216"]
[BlackElo "2147"]
[Annotator "NA"]
[PlyCount "54"]
[EventDate "2019.04.27"]
[EventType "swiss"]
[EventCountry "CZE"]
[SourceTitle "playchess.com"]
[Source "ChessBase"]
[SourceQuality "1"]
[TimeControl "40/5400+30:1800+30"]

1. e4 e6 2. d4 d5 3. Nd2 Be7 4. Ngf3 Nf6 5. Bd3 c5 6. dxc5 a5 7. O-O Na6 8. exd5 Qxd5 9. Nc4 Bxc5 10. Be3 O-O 11. Qe2 Nb4 12. Rfd1 Nxd3 13. Qxd3 Qxd3 14. Rxd3 Bxe3 15. Nxe3 b5 16. Rad1 Bb7 17. Ne5 Bd5 18. a3 h6 19. c3 Rfc8 20. Nxd5 Nxd5 21. Rd4 g5 22. g3 Kg7 23. R1d2 Ra6 24. Ng4 Rc7 25. Ne3 Nxe3 26. fxe3 Kf6 27. Kg2 Ke5 1/2-1/2